 Dungeon Crawl Stone Soup version 0.22.1 (webtiles) character file.

6404 Fang the Cleaver (level 10, -10/65 HPs)
             Began as a Gargoyle Berserker on Sept 17, 2018.
             Was an Elder of Trog.
             Mangled by a killer bee (12 damage)
             ... on level 8 of the Dungeon.
             The game lasted 00:14:36 (8363 turns).

Fang the Cleaver (Gargoyle Berserker)               Turns: 8363, Time: 00:14:37

Health: -10/65     AC: 15    Str: 30    XL:     10   Next: 98%
Magic:  10/10      EV: 14    Int:  9    God:    Trog [****..]
Gold:   478        SH:  0    Dex: 12    Spells: 9/9 levels left

rFire    . . .     SeeInvis .   f - +3 hand axe (elec)
rCold    . . .     Gourm    .   (no shield)
rNeg     + . .     Faith    .   q - +1 leather armour of Snakes and Ladders {Str+7 Stlth-}
rPois    ∞         Spirit   .   (no helmet)
rElec    +         Reflect  .   (no cloak)
rCorr    .         Harm     .   (no gloves)
MR       .....                  (no boots)
Stlth    +.........             (no amulet)
HPRegen  0.20/turn              b - +3 ring of dexterity
MPRegen  0.12/turn              t - +4 ring of protection

@: about to teleport, berserk cooldown, slowed, very slow
A: negative energy resistance 1, electricity resistance, unbreathing,
petrification resistance, rot immunity, AC +7
a: Berserk, Trog's Hand, Brothers in Arms, Renounce Religion


You were on level 8 of the Dungeon.
You worshipped Trog.
Trog was greatly pleased with you.
You were near starving.

You visited 2 branches of the dungeon, and saw 9 of its levels.

You collected 478 gold pieces.

Inventory:

Hand Weapons
 a - a +0 hand axe
 f - a +3 hand axe of electrocution (weapon)
Armour
 q - the +1 leather armour of Snakes and Ladders (worn) {Str+7 Stlth-}
   (You found it on level 4 of the Dungeon)

   It affects your strength (+7).
   It makes you less stealthy.
Jewellery
 b - a +3 ring of dexterity (left hand)
 i - an uncursed ring of positive energy
 r - an uncursed ring of resist corrosion
 t - a +4 ring of protection (right hand)
Wands
 n - a wand of acid (7)
 p - a wand of digging (8)
 w - a wand of random effects (18)
 x - a wand of enslavement (6)
Scrolls
 d - 6 scrolls of remove curse
 e - 5 scrolls of fear
 j - 4 scrolls of blinking
 l - 4 scrolls of teleportation
 m - 3 scrolls of fog
Potions
 g - a potion of brilliance
 h - 3 potions of haste
 o - 5 potions of curing
 s - a potion of resistance
 u - a potion of might
 v - a potion of agility {unknown}
Comestibles
 c - 6 rations


   Skills:
 + Level 8.6 Fighting
 + Level 11.2 Axes
 + Level 4.8 Armour
 + Level 5.7 Dodging
 + Level 3.5 Stealth


You had 9 spell levels left.
You didn't know any spells.
Your spell library was empty.

Dungeon Overview and Level Annotations

Branches:
Dungeon (8/15)             Temple (1/1) D:4
   Lair: D:8-11

Altars:
Ashenzari
Cheibriados
Dithmenos
Elyvilon
Fedhas
Gozag
Hepliaklqana
Kikubaaqudgha
Makhleb
Nemelex Xobeh
Okawaru
Qazlal
Ru
Sif Muna
Trog
Uskayaw
Vehumet
Wu Jian
Xom
Yredelemnul
Zin
The Shining One


Innate Abilities, Weirdness & Mutations

You are resistant to torment.
Your stone body is resilient. (AC +7)
You are immune to poison.
You resist negative energy. (rN+)
You are resistant to electric shocks. (rElec)
You can survive without breathing.
You are immune to petrification.
You are immune to rotting.


Message History

The queen bee stings your two-headed ogre.
Your two-headed ogre looks as sick as possible!
The queen bee poisons your two-headed ogre!
The killer bee completely misses you.
Your two-headed ogre hits the queen bee with a giant club!!
The queen bee dies!
Trog accepts your kill.
The killer bee stings you but does no damage.
The killer bee barely misses you.
You see here a killer bee corpse.
As you read the scroll of teleportation, it crumbles to dust.
You feel strangely unstable. The killer bee barely misses you.
The killer bee stings you!
* * * LOW HITPOINT WARNING * * *
The killer bee stings you!
* * * LOW HITPOINT WARNING * * *
The killer bee barely misses you.
The killer bee stings you but does no damage.
The killer bee stings you!
You die...

#.#
..........(............ #
.......#..................
#
........###.........###.##
#
.......(###.#_......###)).
#
#.......##.##########....
# #.....#.##.# ######._..
##.?..†#†##.# #.........
.....O.#y.#.#####.#####...
#...h.yy@.....)......#...
......###y#.#####.###.#...
##..............#.....#..#
#.#..###.#.###.#######...
#. #...............(......
. #.###...###.########..
##..# #.# #.. #..# #.# #..
#..# #.########.#


You could see a howler monkey, 4 killer bees and a friendly two-headed ogre
(berserk).

Vanquished Creatures
  3 two-headed ogres (D:8)
  An ugly thing (D:7)
  Grinder (D:4)
  A hippogriff (D:8)
  A hungry ghost (D:7)
  3 orc warriors
  A sky beast (D:5)
  A black bear (D:7)
  2 phantoms
  2 ogres
  An eye of draining (D:8)
  A centaur (D:7)
  A big kobold (D:7)
  2 bullfrogs
  A gnoll sergeant (D:5)
  3 scorpions
  12 killer bees (D:8)
  4 wights (D:8)
  A howler monkey (D:7)
  2 crimson imps
  3 orc priests
  5 hounds
  3 jellies
  A gnoll shaman (D:6)
  A bullfrog skeleton (D:5)
  5 orc wizards (D:8)
  Terence (D:3)
  Natasha (thrice) (D:2)
  6 worker ants
  3 hound skeletons
  18 gnolls
  A worker ant zombie (D:6)
  9 adders
  2 shadow imps
  An ooze (D:1)
  An adder zombie (D:6)
  2 worms
  3 dart slugs
  6 leopard geckos
  21 orcs
  A ball python (D:4)
  5 giant cockroaches
  6 goblins
  5 hobgoblins
  13 jackals
  2 quokkas
  A ball python skeleton (D:6)
  11 bats
  10 frilled lizards
  7 kobolds
  6 rats
  A butterfly (D:8)
207 creatures vanquished.

Vanquished Creatures (collateral kills)
  A queen bee (D:8)
  3 killer bees (D:8)
4 creatures vanquished.

Vanquished Creatures (others)
  A sky beast (D:8)
  A frilled lizard (D:1)
2 creatures vanquished.

Grand Total: 213 creatures vanquished

Notes
Turn   | Place    | Note
-------+----------+-------------------------------------------
     0 | D:1      | Fang the Gargoyle Berserker began the quest for the Orb.
     0 | D:1      | Reached XP level 1. HP: 14/14 MP: 1/1
   116 | D:1      | Reached XP level 2. HP: 14/19 MP: 2/2
   351 | D:1      | Reached skill level 3 in Axes
   535 | D:1      | Reached XP level 3. HP: 18/24 MP: 3/3
   678 | D:1      | Reached ** piety under Trog
  1218 | D:2      | Noticed Natasha
  1223 | D:2      | Killed Natasha
  1223 | D:2      | Reached XP level 4. HP: 29/29 MP: 4/4
  1448 | D:2      | Reached XP level 5. HP: 28/33 MP: 5/5
  1451 | D:2      | Reached skill level 4 in Axes
  1687 | D:2      | Noticed Natasha
  1692 | D:2      | Killed Natasha
  1692 | D:2      | Reached skill level 1 in Stealth
  1975 | D:2      | Noticed Natasha
  1984 | D:2      | Killed Natasha
  2071 | D:3      | Noticed Terence
  2079 | D:3      | Killed Terence
  2079 | D:3      | Reached XP level 6. HP: 39/39 MP: 6/6
  2460 | D:3      | Reached *** piety under Trog
  2686 | D:3      | Reached skill level 5 in Axes
  3027 | D:3      | Found a burning altar of Makhleb.
  3137 | D:4      | Found a staircase to the Ecumenical Temple.
  3141 | D:4      | Noticed Grinder
  3148 | D:4      | Paralysed by Grinder for 3 turns
  3173 | D:4      | Killed Grinder
  3173 | D:4      | Reached skill level 5 in Fighting
  3173 | D:4      | Reached XP level 7. HP: 44/44 MP: 7/7
  3378 | Temple   | Entered the Ecumenical Temple
  3500 | D:4      | Got an obsidian-encrusted leather armour
  3511 | D:4      | Identified the cursed +1 leather armour of Snakes and
                  | Ladders {Str+7 Stlth-} (You found it on level 4 of the
                  | Dungeon)
  3770 | D:5      | Entered Level 5 of the Dungeon
  3846 | D:5      | Found a shadowy altar of Dithmenos.
  4005 | D:5      | Reached skill level 6 in Axes
  4176 | D:5      | Found a shattered altar of Ashenzari.
  4907 | D:5      | Reached XP level 8. HP: 50/50 MP: 8/8
  5412 | D:6      | Reached skill level 7 in Axes
  5847 | D:7      | Reached **** piety under Trog
  5866 | D:7      | Reached skill level 8 in Axes
  5866 | D:7      | Reached XP level 9. HP: 33/56 MP: 9/9
  6020 | D:7      | Noticed a cyan ugly thing
  6033 | D:7      | Killed a cyan ugly thing
  6384 | D:7      | Found a sparkling altar of Nemelex Xobeh.
  6590 | D:7      | Reached skill level 9 in Axes
  7231 | D:7      | Found a sparkling altar of Nemelex Xobeh.
  7505 | D:8      | Found a glowing silver altar of Zin.
  7611 | D:8      | Noticed a two-headed ogre
  7617 | D:8      | Killed a two-headed ogre
  7617 | D:8      | Reached skill level 10 in Axes
  7617 | D:8      | Reached skill level 5 in Dodging
  7617 | D:8      | Reached XP level 10. HP: 63/63 MP: 10/10
  7757 | D:8      | Noticed a two-headed ogre
  7765 | D:8      | Killed a two-headed ogre
  7978 | D:8      | Found a shimmering altar of Xom.
  8139 | D:8      | Found a hazy altar of Hepliaklqana.
  8154 | D:8      | Noticed a two-headed ogre
  8161 | D:8      | Killed a two-headed ogre
  8333 | D:8      | Reached skill level 11 in Axes
  8337 | D:8      | Reached ***** piety under Trog
  8363 | D:8      | HP: 2/65 [killer bee (8)]
  8363 | D:8      | Mangled by a killer bee

Skill      XL: |  1  2  3  4  5  6  7  8  9 10 |
---------------+-------------------------------+-----
Axes           | 3 4 5 6 8 10 11 | 11.2
Fighting       | 4 5 6 7 8 |  8.6
Dodging        | 2 3 5 |  5.7
Stealth        | 1 2 3 |  3.5
Armour         | 3 4 |  4.8

Action                   |  1- 3 |  4- 6 |  7- 9 | 10-12 || total
-------------------------+-------+-------+-------+-------++-------
Melee: Hand axe          |   114 |   115 |   245 |    85 ||   559
Invok: Berserk           |     2 |     1 |     5 |     2 ||    10
       Brothers in Arms  |       |       |       |     1 ||     1
  Use: Scroll            |       |       |    18 |     1 ||    19
       Potion            |       |       |       |     1 ||     1
 Stab: Sleeping          |     1 |       |       |       ||     1
  Eat: Chunk             |     2 |     7 |    10 |     4 ||    23
       Ration            |       |       |     3 |       ||     3
Armor: Animal skin       |    50 |    40 |       |       ||    90
       Leather armour    |       |       |    95 |    45 ||   140
Dodge: Dodged            |    92 |    71 |   126 |    68 ||   357
